3AAA
NAPERVILLE BATTLEKINGS @ HIALEAH DODOS
05/12/2027
 
TOP OF THE 1ST
Naperville Battlekings batting - Pitching for Hialeah Dodos : LHP Hank Downey
Pitching: LHP Hank Downey
Batting: LHB Sergio Rodríguez 0-0: Ground out 4-3 (Groundball, 4M)
Batting: LHB Curtis Peters 0-0: SINGLE (Groundball, 4MD)
Batting: RHB Jorge Baker 0-0: Ball
Pickoff Throw by Catcher to First - Out!
1-0: Swinging Strike
1-1: Ball
2-1: Foul Ball, location: 2F
2-2: Foul Ball, location: 2F
2-2: Ball
3-2: Ground out U3 (Groundball, 3)
Top of the 1st over - 0 run(s), 1 hit(s), 0 error(s), 0 left on base; Naperville 0 - Hialeah 0
BOTTOM OF THE 1ST
Hialeah Dodos batting - Pitching for Naperville Battlekings : RHP Jorge Carrión
Pitching: RHP Jorge Carrión
Batting: RHB Jorge Salgado 0-0: Called Strike
0-1: Ball
1-1: Ball
2-1: Foul Ball, location: 2F
2-2: Ball
3-2: Reached on error, E4 (Groundball, 34)
Batting: SHB Javier Gonzáles 0-0: Ball
1-0: Ball
2-0: Called Strike
2-1: Foul Ball, location: 2F
2-2: Ball
3-2: Foul Ball, location: 2F
3-2: Foul Ball, location: 2F
3-2: Foul Ball, location: 2F
3-2: SINGLE (Groundball, 3D)
Jorge Salgado to third
Runner from 3rd tries for Home, throw and OUT!
Javier Gonzáles to second
Batting: RHB Vincente Rotham 0-0: Ball
1-0: Ball
2-0: Ball
Javier Gonzáles steals 3rd base
3-0: Called Strike
3-1: Ground out 6-3 (Groundball, 6)
Javier Gonzáles scores
Batting: RHB Luis Jelarde 0-0: Foul Ball, location: 2F
0-1: Swinging Strike
0-2: Strikes out swinging
Bottom of the 1st over - 1 run(s), 1 hit(s), 1 error(s), 0 left on base; Naperville 0 - Hialeah 1
TOP OF THE 2ND
Naperville Battlekings batting - Pitching for Hialeah Dodos : LHP Hank Downey
Batting: RHB Ben Kennerly 0-0: Foul Ball, location: 2F
0-1: Ground out 5-3 (Groundball, 56S)
Batting: RHB Scott Zijm 0-0: Called Strike
0-1: Foul Ball, location: 2F
0-2: SINGLE (Line Drive, 56)
Batting: LHB Sam Good 0-0: Foul Ball, location: 2F
0-1: Called Strike
0-2: Foul Ball, location: 2F
0-2: Strikes out swinging
Batting: RHB António Guzmán 0-0: Called Strike
0-1: Fly out, F9 (Line Drive, 9)
Top of the 2nd over - 0 run(s), 1 hit(s), 0 error(s), 1 left on base; Naperville 0 - Hialeah 1
BOTTOM OF THE 2ND
Hialeah Dodos batting - Pitching for Naperville Battlekings : RHP Jorge Carrión
Batting: LHB Errol Levick 0-0: Ball
1-0: Foul Ball, location: 2F
1-1: Ground out U3 (Groundball, 3)
Batting: SHB Luis Manuel Flores 0-0: Ball
1-0: Ball
2-0: Fly out, F9 (Flyball, 9)
Batting: LHB Curt Wilson 0-0: Ball
1-0: Ball
2-0: Fly out, F9 (Line Drive, 9S)
Bottom of the 2nd over - 0 run(s), 0 hit(s), 0 error(s), 0 left on base; Naperville 0 - Hialeah 1
TOP OF THE 3RD
Naperville Battlekings batting - Pitching for Hialeah Dodos : LHP Hank Downey
Batting: RHB Jim Unknown 0-0: Swinging Strike
0-1: Ground out 6-3 (Groundball, 6)
Batting: RHB Rod Jones 0-0: Ball
1-0: Swinging Strike
1-1: Foul Ball, location: 2F
1-2: Foul Ball, location: 2F
1-2: Ground out 6-3 (Groundball, 6M)
Batting: LHB Sergio Rodríguez 0-0: Ball
1-0: Ball
2-0: Foul Ball, location: 2F
2-1: Ball
3-1: Ground out 4-3 (Groundball, 4)
Top of the 3rd over - 0 run(s), 0 hit(s), 0 error(s), 0 left on base; Naperville 0 - Hialeah 1
BOTTOM OF THE 3RD
Hialeah Dodos batting - Pitching for Naperville Battlekings : RHP Jorge Carrión
Batting: SHB Juan Perales 0-0: Foul Ball, location: 2F
0-1: Foul Ball, location: 2F
0-2: Ball
1-2: Hit by Pitch
Batting: RHB Robert Emmet Odlum 0-0: Ball
1-0: Ball
2-0: Ball
3-0: Called Strike
3-1: Fly out, F3 (Popup, 34S)
Batting: RHB Jorge Salgado 0-0: Ball
1-0: Called Strike
1-1: Called Strike
1-2: Hit by Pitch
Juan Perales to second
Batting: SHB Javier Gonzáles 0-0: Ball
1-0: Ball
2-0: Swinging Strike
2-1: Ball
3-1: Foul Ball, location: 2F
3-2: Fielders Choice at 2nd, 3-6 (Groundball, 34)
Juan Perales to third
Batting: RHB Vincente Rotham 0-0: Foul Ball, location: 2F
0-1: Foul Ball, location: 2F
0-2: Ball
1-2: Fielders Choice at 2nd, 6-4 (Groundball, 6)
Bottom of the 3rd over - 0 run(s), 0 hit(s), 0 error(s), 1 left on base; Naperville 0 - Hialeah 1
TOP OF THE 4TH
Naperville Battlekings batting - Pitching for Hialeah Dodos : LHP Hank Downey
Batting: LHB Curtis Peters 0-0: Ball
1-0: SINGLE (Groundball, 34D)
Batting: RHB Jorge Baker 0-0: Ball
1-0: Ground out 5-3 (Groundball, 5S)
Curtis Peters to second
Batting: RHB Ben Kennerly 0-0: Called Strike
0-1: SINGLE (Flyball, 3D)
Curtis Peters to third
Batting: RHB Scott Zijm 0-0: Ball
1-0: Ball
2-0: Called Strike
2-1: Foul Ball, location: 2F
2-2: Strikes out swinging
Batting: LHB Sam Good 0-0: Ball
1-0: Foul Ball, location: 2F
1-1: Foul Ball, location: 2F
1-2: Ball
2-2: SINGLE (Line Drive, 56)
Curtis Peters scores
Ben Kennerly to second
Batting: RHB António Guzmán 0-0: Ball
1-0: Ball
2-0: Ball
3-0: Base on Balls
Ben Kennerly to third
Sam Good to second
Batting: RHB Jim Unknown 0-0: Called Strike
0-1: Ball
1-1: Called Strike
1-2: Ball
2-2: Foul Ball, location: 2F
2-2: Strikes out looking
Top of the 4th over - 1 run(s), 3 hit(s), 0 error(s), 3 left on base; Naperville 1 - Hialeah 1
BOTTOM OF THE 4TH
Hialeah Dodos batting - Pitching for Naperville Battlekings : RHP Jorge Carrión
Batting: RHB Luis Jelarde 0-0: Ball
1-0: Ground out 5-3 (Groundball, 56S)
Batting: LHB Errol Levick 0-0: Ball
1-0: Ball
2-0: Ball
3-0: Called Strike
3-1: Base on Balls
Batting: SHB Luis Manuel Flores 0-0: Foul Ball, location: 2F
0-1: Ball
1-1: Swinging Strike
1-2: Fly out, F7 (Flyball, 78D)
Batting: LHB Curt Wilson 0-0: Called Strike
0-1: Ball
1-1: Foul Ball, location: 2F
1-2: Ball
2-2: Ball
3-2: Foul Ball, location: 2F
3-2: Foul Ball, location: 2F
3-2: Base on Balls
Errol Levick to second
Batting: SHB Juan Perales 0-0: Ball
1-0: Ball
2-0: Ball
3-0: Base on Balls
Errol Levick to third
Curt Wilson to second
Pitching: RHP Rob Rocha
Batting: RHB Robert Emmet Odlum 0-0: Ball
1-0: Called Strike
1-1: Foul Ball, location: 2F
1-2: Ball
2-2: Foul Ball, location: 2F
2-2: Ball
3-2: SINGLE (Line Drive, 56)
Errol Levick scores
Curt Wilson to third
Juan Perales to second
Curt Wilson scores
Juan Perales to third
Batting: RHB Jorge Salgado 0-0: Ball
1-0: Ground out 4-3 (Groundball, 4M)
Bottom of the 4th over - 2 run(s), 1 hit(s), 0 error(s), 2 left on base; Naperville 1 - Hialeah 3
TOP OF THE 5TH
Naperville Battlekings batting - Pitching for Hialeah Dodos : LHP Jeff Burrell
Pitching: LHP Jeff Burrell
Batting: RHB Rod Jones 0-0: Foul Ball, location: 2F
0-1: Foul Ball, location: 2F
0-2: Foul Ball, location: 2F
0-2: Foul Ball, location: 2F
0-2: Ground out 5-3 (Groundball, 56S)
Batting: LHB Sergio Rodríguez 0-0: Ball
1-0: Called Strike
1-1: Swinging Strike
1-2: Foul Ball, location: 2F
1-2: Strikes out swinging
Batting: LHB Curtis Peters 0-0: Ball
1-0: Foul Ball, location: 2F
1-1: Called Strike
1-2: Foul Ball, location: 2F
1-2: Fly out, F7 (Flyball, 7)
Top of the 5th over - 0 run(s), 0 hit(s), 0 error(s), 0 left on base; Naperville 1 - Hialeah 3
BOTTOM OF THE 5TH
Hialeah Dodos batting - Pitching for Naperville Battlekings : RHP Rob Rocha
Batting: SHB Javier Gonzáles 0-0: Ball
1-0: Ball
2-0: Called Strike
2-1: Foul Ball, location: 2F
2-2: SOLO HOME RUN (Flyball, 78XD), Distance : 413 ft
Batting: RHB Vincente Rotham 0-0: Ground out 4-3 (Groundball, 4M)
Batting: RHB Luis Jelarde 0-0: Called Strike
0-1: Ball
1-1: Foul Ball, location: 2F
1-2: Strikes out swinging, 2-3 out at first.
Batting: LHB Errol Levick 0-0: Called Strike
0-1: Ball
1-1: Ball
2-1: Ball
3-1: Called Strike
3-2: SINGLE (Groundball, 4D)
Batting: SHB Luis Manuel Flores 0-0: Called Strike
0-1: Fly out, F7 (Flyball, 7LS)
Bottom of the 5th over - 1 run(s), 2 hit(s), 0 error(s), 1 left on base; Naperville 1 - Hialeah 4
TOP OF THE 6TH
Naperville Battlekings batting - Pitching for Hialeah Dodos : LHP Jeff Burrell
Batting: RHB Jorge Baker 0-0: Foul Ball, location: 2F
0-1: Called Strike
0-2: SINGLE (Line Drive, 6D)
Batting: RHB Ben Kennerly 0-0: Foul Ball, location: 2F
0-1: Ball
1-1: Foul Ball, location: 2F
1-2: Ball
2-2: Ball
3-2: 2-RUN HOME RUN (Flyball, 78XD), Distance : 431 ft
Batting: RHB Scott Zijm 0-0: Ball
1-0: Foul Ball, location: 2F
1-1: Called Strike
1-2: Strikes out looking
Batting: LHB Sam Good 0-0: Ball
1-0: Ball
2-0: Foul Ball, location: 2F
2-1: Ground out 6-3 (Groundball, 6M)
Batting: RHB António Guzmán 0-0: Called Strike
0-1: Swinging Strike
0-2: SINGLE (Groundball, 34D)
Batting: RHB Jim Unknown 0-0: Called Strike
0-1: Called Strike
0-2: Ball
1-2: Strikes out looking
Top of the 6th over - 2 run(s), 3 hit(s), 0 error(s), 1 left on base; Naperville 3 - Hialeah 4
BOTTOM OF THE 6TH
Hialeah Dodos batting - Pitching for Naperville Battlekings : RHP Rob Rocha
Batting: LHB Curt Wilson 0-0: Ball
1-0: Ball
2-0: Swinging Strike
2-1: Ball
3-1: Called Strike
3-2: Ground out 3-1 (Groundball, 34)
Batting: SHB Juan Perales 0-0: Swinging Strike
0-1: Foul Ball, location: 2F
0-2: Ball
1-2: Ball
2-2: Single, Error in OF, E8, batter to second base
Batting: RHB Robert Emmet Odlum 0-0: Reached on error, E6 (Groundball, 6M)
Juan Perales to third
Batting: RHB Jorge Salgado 0-0: DOUBLE (Flyball, 89XD)
Juan Perales scores
Robert Emmet Odlum to third
Batting: SHB Javier Gonzáles 0-0: Called Strike
0-1: Ball
1-1: Foul Ball, location: 2F
1-2: Ball
2-2: SINGLE (Groundball, 56)
Robert Emmet Odlum scores
Jorge Salgado to third
Runner from 3rd tries for Home, SAFE, no throw
Pitching: RHP William Peck
Batting: RHB Vincente Rotham 0-0: 2-RUN HOME RUN (Flyball, 7D), Distance : 390 ft
Batting: RHB Luis Jelarde 0-0: Called Strike
0-1: Ball
1-1: Ball
2-1: Ball
3-1: SINGLE (Flyball, 78S)
Batting: LHB Errol Levick 0-0: Called Strike
0-1: Fly out, F8 (Flyball, 8LM)
Batting: SHB Luis Manuel Flores 0-0: Ball
1-0: Ball
2-0: Ball
Luis Jelarde steals 2nd base
3-0: Base on Balls
Batting: LHB Curt Wilson 0-0: Ball
1-0: Fly out, F4 (Line Drive, 4M)
Bottom of the 6th over - 5 run(s), 5 hit(s), 2 error(s), 2 left on base; Naperville 3 - Hialeah 9
TOP OF THE 7TH
Naperville Battlekings batting - Pitching for Hialeah Dodos : LHP Jeff Burrell
Batting: RHB Rod Jones 0-0: Foul Ball, location: 2F
0-1: Foul Ball, location: 2F
0-2: Ball
1-2: Ground out 6-3 (Groundball, 56)
Batting: LHB Sergio Rodríguez 0-0: Fly out, F5 (Line Drive, 5)
Batting: LHB Curtis Peters 0-0: Ball
1-0: Ball
2-0: Foul Ball, location: 2F
2-1: Foul Ball, location: 2F
2-2: Foul Ball, location: 2F
2-2: Foul Ball, location: 2F
2-2: Ground out U3 (Groundball, 3)
Top of the 7th over - 0 run(s), 0 hit(s), 0 error(s), 0 left on base; Naperville 3 - Hialeah 9
BOTTOM OF THE 7TH
Hialeah Dodos batting - Pitching for Naperville Battlekings : RHP William Peck
Batting: SHB Juan Perales 0-0: Ball
1-0: Ball
2-0: Ball
3-0: Called Strike
3-1: Foul Ball, location: 2F
3-2: Fly out, F9 (Flyball, 89M)
Batting: RHB Robert Emmet Odlum 0-0: Called Strike
0-1: Ground out 6-3 (Groundball, 6S)
Batting: RHB Jorge Salgado 0-0: Ball
1-0: Foul Ball, location: 2F
1-1: Ground out U3 (Groundball, 3L)
Bottom of the 7th over - 0 run(s), 0 hit(s), 0 error(s), 0 left on base; Naperville 3 - Hialeah 9
TOP OF THE 8TH
Naperville Battlekings batting - Pitching for Hialeah Dodos : LHP Jeff Burrell
Now in RF: Vincente Ybarra
Batting: RHB Jorge Baker 0-0: Called Strike
0-1: DOUBLE (Line Drive, 8LD)
Batting: RHB Ben Kennerly 0-0: Fly out, F8 (Flyball, 8RM)
Batting: RHB Scott Zijm 0-0: Ball
1-0: Swinging Strike
1-1: Foul Ball, location: 2F
1-2: Strikes out looking
Batting: LHB Sam Good 0-0: Ball
1-0: Called Strike
1-1: Ball
Wild Pitch!
Jorge Baker to third
2-1: Ball
3-1: Base on Balls
Batting: RHB António Guzmán 0-0: Fielders Choice at 2nd, 6-4 (Groundball, 6)
Top of the 8th over - 0 run(s), 1 hit(s), 0 error(s), 1 left on base; Naperville 3 - Hialeah 9
BOTTOM OF THE 8TH
Hialeah Dodos batting - Pitching for Naperville Battlekings : RHP William Peck
Batting: SHB Javier Gonzáles 0-0: Ball
1-0: Ball
2-0: Foul Ball, location: 2F
2-1: Ball
3-1: DOUBLE (Line Drive, 8LD)
Batting: RHB Vincente Rotham 0-0: Ball
1-0: Called Strike
1-1: Foul Ball, location: 2F
1-2: Fly out, F9 (Flyball, 89M)
Batting: RHB Luis Jelarde 0-0: Foul Ball, location: 2F
0-1: Ground out 6-3 (Groundball, 56)
Batting: LHB Errol Levick 0-0: Ball
1-0: Ground out 1-3 (Groundball, 13)
Bottom of the 8th over - 0 run(s), 1 hit(s), 0 error(s), 1 left on base; Naperville 3 - Hialeah 9
TOP OF THE 9TH
Naperville Battlekings batting - Pitching for Hialeah Dodos : LHP Jeff Burrell
Pitching: LHP Travis Grant
Now in LF: Wilson Pérez
Batting: RHB Jim Unknown 0-0: Ball
1-0: Called Strike
1-1: Foul Ball, location: 2F
1-2: Ball
2-2: Foul Ball, location: 2F
2-2: Strikes out looking
Batting: RHB Rod Jones 0-0: Ball
1-0: Foul Ball, location: 2F
1-1: Called Strike
1-2: Foul Ball, location: 2F
1-2: Ball
2-2: Strikes out swinging
Batting: LHB Sergio Rodríguez 0-0: Ball
1-0: Ball
2-0: Foul Ball, location: 2F
2-1: Swinging Strike
2-2: Strikes out swinging
Top of the 9th over - 0 run(s), 0 hit(s), 0 error(s), 0 left on base; Naperville 3 - Hialeah 9
Saturday, May 26th, 2018 - OOTP Baseball 17.12 Build 75